 Dungeon Crawl Stone Soup version 0.20-a0-204-ge9bc5e3 (webtiles) character file.

34538 Faca the Peltast (level 14, -6/113 HPs)
             Began as a Formicid Fighter on Nov 23, 2016.
             Was a High Priest of Trog.
             Mangled by an entropy weaver (8 damage)
             ... on level 3 of the Lair of Beasts on Nov 24, 2016.
             The game lasted 01:59:17 (15625 turns).

Faca the Peltast (Formicid Fighter)                Turns: 15625, Time: 01:59:18

Health: -6/113     AC:  2    Str: 33    XL:     14   Next: 13%
Magic:  14/14      EV: 15    Int: 10    God:    Trog [*****.]
Gold:   858        SH: 16    Dex: 17    Spells: 13/13 levels left

rFire  + . .     SeeInvis +     z - +12 dagger of Exquisite Death {protect, rF+ Str+3 Int+2 Dex-2}
rCold  + . .     Gourm    .     y - +0 plate armour
rNeg   . . .     Faith    .     b - +0 shield
rPois  .         Spirit   .     (helmet unavailable)
rElec  .         Reflect  .     k - +0 cloak {MR+}
rCorr  .         Harm     .     (no gloves)
MR     ++...                    (no boots)
Stlth  ..........               m - amulet of magic regeneration
                                H - ring of protection from cold
                                i - +3 ring of strength

@: mighty, agile, corroded, protection aura
A: permanent stasis, dig shafts and tunnels, four strong arms, antennae 3, slimy
green scales 1
a: Dig, Shaft Self, Trog's Hand, Brothers in Arms, Burn Spellbooks, Renounce
Religion


You were on level 3 of the Lair of Beasts.
You worshipped Trog.
Trog was extremely pleased with you.
You were not hungry.

You visited 3 branches of the dungeon, and saw 16 of its levels.
You also visited: Labyrinth.

You collected 858 gold pieces.

Inventory:

Hand Weapons
 j - a +5 quarterstaff of chaos
 z - the +12 dagger of Exquisite Death (weapon) {protect, rF+ Str+3 Int+2 Dex-2}
   (You found it on level 7 of the Dungeon)

   It protects the one who uses it against injury (+AC on strike).
   It affects your strength (+3).
   It affects your intelligence (+2).
   It affects your dexterity (-2).
   It protects you from fire.
Armour
 b - a +0 shield (worn)
 k - a +0 cloak of magic resistance (worn)
 y - a +0 plate armour (worn)
Jewellery
 i - a +3 ring of strength (left hand)
 m - an amulet of magic regeneration (around neck)
 D - the ring "Uwnuha" {*Tele *Slow rElec SInv}
   (You took it off a minotaur in a labyrinth)

   [ring of teleportation]

   It may teleport you next to monsters.
   It insulates you from electricity.
   It lets you see invisible.
   It may slow you when you take damage.
 H - a ring of protection from cold (right hand)
Wands
 a - a wand of lightning (7/15)
Scrolls
 e - 2 scrolls of remove curse
 l - a scroll of recharging
 q - 9 scrolls of identify
 u - 4 scrolls of enchant weapon
 v - 2 scrolls of magic mapping
 w - 2 scrolls of fear
 E - a scroll of fog
Potions
 c - a potion of cancellation {unknown}
 h - a potion of cure mutation {unknown}
 o - 4 potions of curing {unknown}
 p - a potion of agility
 r - 2 potions of lignification
 s - 3 potions of mutation
 t - a potion of magic {unknown}
 x - a potion of invisibility {unknown}
 A - a potion of degeneration {unknown}
 B - a potion of berserk rage {unknown}
Comestibles
 f - 15 bread rations
 g - 4 meat rations


   Skills:
 + Level 11.4 Fighting
 + Level 10.4 Short Blades
   Level 4.0 Axes
 - Level 0.2 Staves
 + Level 12.5 Armour
 + Level 3.4 Dodging
 - Level 3.9 Stealth
 + Level 15.2 Shields


You had 13 spell levels left.
You didn't know any spells.

Dungeon Overview and Level Annotations

Branches:
Dungeon (11/15)            Temple (1/1) D:5            Lair (4/6) D:11
  Swamp (0/4) Lair:3        Snake (0/4) Lair:2          Orc (0/2) D:11

Altars:
Ashenzari
Cheibriados
Dithmenos
Elyvilon
Fedhas
Gozag
Hepliaklqana
Kikubaaqudgha
Makhleb
Nemelex Xobeh
Okawaru
Qazlal
Ru
Sif Muna
Trog
Uskayaw
Vehumet
Xom
Yredelemnul
Zin
The Shining One

Shops:
D:6 }   D:8 (


Innate Abilities, Weirdness & Mutations

You cannot be hasted, slowed, berserked, paralysed or teleported.
You can dig through walls and to a lower floor.
Your four strong arms can wield two-handed weapons with a shield.
You have a pair of large antennae on your head. (SInv)
You are partially covered in slimy green scales. (AC +2)


Message History

You block the entropy weaver's attack. x2
The entropy weaver barely misses you. You block the entropy weaver's attack.
You puncture the entropy weaver!
The entropy weaver is heavily wounded.
You puncture the entropy weaver!
The entropy weaver is severely wounded.
The entropy weaver hits you!
* * * LOW HITPOINT WARNING * * *
You block the entropy weaver's attack.
The entropy weaver hits you but does no damage.
You block the entropy weaver's attack.
You puncture the entropy weaver!
The entropy weaver is severely wounded.
You block the entropy weaver's attack. The entropy weaver hits you!
* * * LOW HITPOINT WARNING * * *
You block the entropy weaver's attack. x2
Unknown command.
Your deep troll goes berserk!
You feel quite a bit more hungry. The entropy weaver hits you!
You die...

..#....♣ #.....................#
.......# #......................
#.#....####......#####.#.........
........#........# ###........#
P................## ##........
......#P##.###....# ##.......#
..P...#######.#..## #........#
.......#### ##...########........
.....####.###...@##.?.#.#........
...............a.....<.....(.....
..............†.T...............#
...................†............#
.....................##...P......
###..P#....#.###...#.#####.......
#######....### ####..# #.†....#
.# ##...## #..# ##.....# ##
#....### #..# #......#


You could see an entropy weaver and a friendly deep troll (berserk).

Vanquished Creatures
  Gastronok (Lair:1)
  An entropy weaver (Lair:3)
  A minotaur (Lab)
  Fannar (Lair:1)
  6 hydras
  An unseen horror (D:10)
  4 hill giants
  An oklob plant (D:11)
  An ugly thing (D:11)
  6 elephants (Lair:3)
  4 black mambas
  3 spiny frogs
  4 gargoyles (Lab)
  2 komodo dragons
  The ghost of Llox the Conjurer, a novice OpCj of Sif Muna (D:5)
  A troll (D:11)
  2 polar bears
  7 blink frogs
  A hippogriff (Lair:1)
  Sigmund (D:4)
  A wraith (D:11)
  18 yaks
  2 redbacks (Lab)
  A wyvern (Lair:3)
  A human (D:9)
  2 hogs (D:9)
  5 hungry ghosts
  2 acid dragons
  2 nagas (Lair:2)
  10 soldier ants
  6 water moccasins
  7 orc warriors
  6 porcupines
  3 ice beasts
  6 black bears
  A hornet zombie (D:10)
  3 sky beasts
  2 phantoms
  The ghost of Spif the Shield-Bearer, an amateur MiFi (D:3)
  8 ogres
  4 centaurs
  4 wolves (Lair:2)
  10 crocodiles
  3 big kobolds
  Blork the orc (D:5)
  6 bullfrogs
  A gnoll sergeant (D:11)
  3 scorpions
  8 killer bees
  19 wights
  2 howler monkeys
  An electric eel (Lair:3)
  2 crimson imps
  A quasit (D:8)
  4 orc priests
  5 hounds
  12 orc wizards
  Crazy Yiuf (D:2)
  3 centaur skeletons
  Terence (D:2)
  3 iguanas
  14 worker ants
  A hound zombie (D:6)
  Robin (D:3)
  14 gnolls
  11 adders
  A river rat (D:6)
  3 shadow imps
  2 oozes
  2 adder zombies
  An adder skeleton (D:9)
  2 worms (D:6)
  2 dart slugs
  5 leopard geckos
  35 orcs
  7 bats
  13 giant cockroaches
  15 goblins
  5 hobgoblins
  12 jackals
  16 kobolds
  7 quokkas
  4 ball pythons
  5 frilled lizards
  A leopard gecko skeleton (D:6)
  A leopard gecko zombie (D:5)
  A quokka skeleton (D:6)
  A quokka zombie (D:7)
  8 rats
  A plant (D:11)
421 creatures vanquished.

Vanquished Creatures (others)
  A fungus (Lair:3)
  A plant (Lair:3)
2 creatures vanquished.

Grand Total: 423 creatures vanquished

Notes
Turn   | Place    | Note
-------+----------+-------------------------------------------
     0 | D:1      | Faca the Formicid Fighter began the quest for the Orb.
     0 | D:1      | Reached XP level 1. HP: 18/18 MP: 1/1
   123 | D:1      | Reached XP level 2. HP: 24/24 MP: 2/2
   386 | D:1      | Reached XP level 3. HP: 28/29 MP: 3/3
   654 | D:2      | Noticed Terence
   668 | D:2      | Killed Terence
   668 | D:2      | Reached skill level 4 in Shields
   668 | D:2      | Reached XP level 4. HP: 19/37 MP: 4/4
   956 | D:2      | Found a runed door.
   960 | D:2      | Noticed Crazy Yiuf
   965 | D:2      | Killed Crazy Yiuf
   965 | D:2      | Reached XP level 5. HP: 26/42 MP: 5/5
  1515 | D:3      | Found a deep blue altar of Sif Muna.
  1602 | D:3      | Noticed Spif's ghost (amateur MiFi)
  1615 | D:3      | Killed Spif's ghost
  1615 | D:3      | Reached XP level 6. HP: 29/49 MP: 6/6
  1842 | D:3      | Reached skill level 5 in Shields
  1914 | D:3      | Noticed Robin
  1917 | D:3      | Killed Robin
  2042 | D:3      | Found a burning altar of Makhleb.
  2042 | D:3      | Noticed a cacodemon
  2046 | D:3      | Noticed a neqoxec
  2046 | D:3      | Noticed a neqoxec
  2296 | D:4      | Reached XP level 7. HP: 48/55 MP: 7/7
  2318 | D:4      | Reached skill level 5 in Armour
  2380 | D:4      | Found a shimmering altar of Xom.
  2380 | D:4      | Noticed Sigmund
  2381 | D:4      | Noticed an angel
  2392 | D:4      | Killed Sigmund
  2392 | D:4      | Reached skill level 5 in Fighting
  2407 | D:4      | Reached XP level 8. HP: 12/64 MP: 8/8
  2624 | D:4      | Found a glowing silver altar of Zin.
  2635 | D:4      | Reached skill level 6 in Shields
  2825 | D:4      | Reached skill level 1 in Dodging
  3059 | D:5      | Entered Level 5 of the Dungeon
  3063 | D:5      | Noticed Llox's ghost (novice OpCj)
  3078 | D:5      | Killed Llox's ghost
  3236 | D:5      | Reached skill level 7 in Shields
  3287 | D:5      | Found a staircase to the Ecumenical Temple.
  3297 | Temple   | Entered the Ecumenical Temple
  3319 | Temple   | Became a worshipper of Trog the Wrathful
  3597 | D:5      | Reached XP level 9. HP: 71/71 MP: 9/9
  3692 | D:5      | Noticed Blork the orc
  3698 | D:5      | Killed Blork the orc
  3816 | D:6      | Reached skill level 1 in Stealth
  3826 | D:6      | Found a snail-covered altar of Cheibriados.
  3934 | D:6      | Found an opulent altar of Gozag.
  4122 | D:6      | Found Idufaadd's Gadget Shoppe.
  4148 | D:6      | Reached skill level 8 in Shields
  4160 | D:6      | Reached * piety under Trog
  4550 | D:6      | Noticed a moth of wrath
  4553 | D:6      | Found a bloodstained altar of Trog.
  5048 | D:7      | Found a sacrificial altar of Ru.
  5244 | D:7      | Got a fine dagger
  5334 | D:7      | Identified the +12 dagger of Exquisite Death {protect, rF+ Str+3 Int+2 Dex-2} (You found it on level 7 of the Dungeon)
  5423 | D:8      | Reached XP level 10. HP: 67/80 MP: 10/10
  5653 | D:8      | Reached skill level 1 in Short Blades
  5653 | D:8      | Reached skill level 9 in Shields
  5741 | D:8      | Found a basalt altar of Yredelemnul.
  5809 | D:8      | Reached ** piety under Trog
  5935 | D:8      | Found a shattered altar of Ashenzari.
  6136 | D:8      | Found Sobb's Weapon Emporium.
  6381 | D:9      | Found a white marble altar of Elyvilon.
  6863 | D:9      | Reached skill level 10 in Shields
  7181 | D:9      | Reached *** piety under Trog
  7202 | D:9      | Reached skill level 5 in Short Blades
  7207 | D:9      | Reached XP level 11. HP: 67/87 MP: 11/11
  7766 | D:10     | Entered Level 10 of the Dungeon
  7768 | D:10     | Noticed an unseen horror
  7812 | D:10     | Killed an unseen horror
  7812 | D:10     | Reached skill level 11 in Shields
  8025 | D:10     | Reached skill level 10 in Armour
  8029 | D:10     | Gained mutation: You are partially covered in slimy green scales. (AC +2) [potion of mutation]
  8669 | D:10     | Noticed a hill giant
  8679 | D:10     | Killed a hill giant
  8720 | D:10     | Reached **** piety under Trog
  8939 | D:11     | Noticed a hill giant
  8954 | D:11     | Killed a hill giant
  9069 | D:11     | Noticed a hill giant
  9082 | D:11     | Killed a hill giant
  9195 | D:11     | Noticed a hill giant
  9221 | D:11     | Killed a hill giant
  9241 | D:11     | Found a staircase to the Lair.
  9243 | D:11     | Noticed an oklob plant
  9410 | D:11     | Reached skill level 12 in Shields
  9454 | D:11     | Found a staircase to the Orcish Mines.
  9465 | D:11     | Reached ***** piety under Trog
  9465 | D:11     | Reached XP level 12. HP: 73/96 MP: 12/12
 10020 | Lair:1   | Entered Level 1 of the Lair of Beasts
 10020 | Lair:1   | Found a labyrinth entrance.
 10033 | Lab      | Entered a labyrinth
 10509 | Lab      | Reached skill level 10 in Fighting
 10824 | Lab      | Noticed a minotaur
 10837 | Lab      | Killed a minotaur
 10839 | Lab      | Got a vibrating brass ring
 10851 | Lair:1   | Identified the ring "Uwnuha" {*Tele *Slow rElec SInv} (You took it off a minotaur in a labyrinth)
 10865 | Lair:1   | Noticed a four-headed hydra
 10881 | Lair:1   | Killed a four-headed hydra
 10895 | Lair:1   | Noticed Gastronok
 11055 | Lair:1   | Killed Gastronok
 11283 | Lair:1   | Noticed a five-headed hydra
 11309 | Lair:1   | Killed a five-headed hydra
 11309 | Lair:1   | Reached skill level 13 in Shields
 11675 | Lair:1   | Reached XP level 13. HP: 80/104 MP: 13/13
 11799 | Lair:1   | Noticed Fannar
 11832 | Lair:1   | Killed Fannar
 13036 | Lair:2   | Found a staircase to the Snake Pit.
 13192 | Lair:2   | Noticed an eight-headed hydra
 13207 | Lair:2   | Killed an eight-headed hydra
 13581 | Lair:2   | Reached skill level 14 in Shields
 14128 | Lair:3   | Noticed a seven-headed hydra
 14149 | Lair:3   | Killed a seven-headed hydra
 14411 | Lair:3   | Reached skill level 10 in Short Blades
 14622 | Lair:3   | Found a staircase to the Swamp.
 14830 | Lair:3   | Noticed a six-headed hydra
 14844 | Lair:3   | Killed a six-headed hydra
 15102 | Lair:3   | Noticed a five-headed hydra
 15112 | Lair:3   | Killed a five-headed hydra
 15143 | Lair:3   | Upgraded the game from 0.20-a0-187-ge5586d949a to 0.20-a0-204-ge9bc5e3
 15185 | Lair:4   | Reached XP level 14. HP: 113/113 MP: 14/14
 15258 | Lair:3   | Reached skill level 15 in Shields
 15310 | Lair:4   | Noticed an entropy weaver
 15346 | Lair:3   | Killed an entropy weaver
 15554 | Lair:4   | Noticed an entropy weaver
 15580 | Lair:3   | Reached ****** piety under Trog
 15623 | Lair:3   | HP: 2/113 [entropy weaver (7)]
 15625 | Lair:3   | Mangled by an entropy weaver

Vault maps used:
D:1:      dpeg_arrival_stone_temple_mockup, grunt_decor_resistance,
          minmay_tromino_v7
D:2:      nicolae_underground_beach, uniq_terence, uniq_crazy_yiuf_cottage
D:3:      minmay_roachtagon, makhleb_altar_promises_db, led_sif_pool, uniq_robin
D:4:      grunt_temple_overflow_order_and_chaos_1, first_bread,
          kennysheep_generic_room_13, uniq_sigmund
D:5:      minmay_misc_feat_nine_boxes, uniq_blork_the_orc
D:6:      kennysheep_slug_shrine, grunt_gozag_breadcrumbs, serial_shops, shop,
          minmay_misc_feat_rows, tgw_trog
D:7:      nicolae_ru_path_of_blood
D:8:      nicolae_overflow_crystal_walls, ashenzari_conservatory_becter,
          serial_shops, shop
D:9:      grunt_livestock, elyvilon_altar_5
D:10:     kennysheep_generic_room_12
D:11:     dpeg_oklobed_lair
Temple:   dshaligram_water_room_temple
Lair:1:   lab_entry_generic, gammafunk_lair_bear_cave, uniq_fannar,
          uniq_gastronok
Lair:2:   guppyfry_snake_entry_island
Lair:3:   swamp_mist, serial_bayou_lagoon_b, uniq_nergalle
Lair:4:   st_stairs_8, minivault_29, uniq_urug
Lab:      labyrinth_watery, lab_fountain, lab_block, nicolae_lab_checkerboard,
          lab_statue, nicolae_lab_starburst, nicolae_lab_dead_end,
          nicolae_lab_statue

Skill      XL: |  1  2  3  4  5  6  7  8  9 10 11 12 13 14 |
---------------+-------------------------------------------+-----
Shields        | 4 5 7 8 10 12 13 14 15 | 15.2
Axes           | 3 4 |  4.0
Armour         | 4 5 7 8 9 10 11 12 | 12.5
Fighting       | 4 5 6 8 9 10 11 | 11.4
Dodging        | 1 2 3 |  3.4
Stealth        | 2 3 |  3.9
Short Blades   | 5 7 9 10 | 10.4
Staves         | |  0.2

Action                   |  1- 3 |  4- 6 |  7- 9 | 10-12 | 13-15 || total
-------------------------+-------+-------+-------+-------+-------++-------
Melee: War axe           |    85 |    27 |       |       |       ||   112
       Quarterstaff      |       |   112 |   243 |       |       ||   355
       Dagger            |       |       |    17 |   937 |   711 ||  1665
Invok: Burn Spellbooks   |       |       |       |     2 |     2 ||     4
       Brothers in Arms  |       |       |       |       |     1 ||     1
  Use: Scroll            |     2 |     5 |     5 |     8 |     1 ||    21
       Potion            |       |       |       |     5 |     3 ||     8
 Stab: Confused          |       |       |     1 |       |       ||     1
       Held in net/web   |       |       |     1 |       |       ||     1
  Eat: Meat ration       |       |     1 |     1 |     4 |     1 ||     7
       Fruit             |       |       |     4 |     4 |       ||     8
       Beef jerky        |       |       |     1 |     4 |     1 ||     6
       Pizza             |       |       |       |     1 |     6 ||     7
Armor: Scale mail        |    21 |       |       |       |       ||    21
       Chain mail        |    13 |    61 |    49 |       |       ||   123
       Plate armour      |       |       |    76 |   314 |   256 ||   646
Dodge: Dodged            |    35 |    45 |    74 |   181 |   142 ||   477
Block: Shield            |    50 |    75 |   154 |   474 |   389 ||  1142
